 Dungeon Crawl Stone Soup version 0.31-a0-700-gf13585253f (webtiles) character file.

Game seed: 6322261319908652458

7040 qw the Skirmisher (level 11, -5/71 HPs)
             Began as a Gargoyle Hunter on Sept 7, 2023.
             Was a Believer of Okawaru.
             Slain by a yak (10 damage)
             ... on level 10 of the Dungeon.
             The game lasted 00:04:12 (7787 turns).

qw the Skirmisher (Gargoyle Hunter)                 Turns: 7787, Time: 00:04:13

Health: -5/71      AC: 17    Str: 13    XL:     11   Next: 9%
Magic:  13/14      EV: 16    Int:  8    God:    Okawaru [**....]
Gold:   186        SH:  0    Dex: 20    Spells: 10/10 levels left

rFire   . . .        Y - +2 shortbow (flame)
rCold   . . .        (shield currently unavailable)
rNeg    + + .        j - +3 ring mail of Parts Unknown {*Corrode rElec rPois Will- Regen+}
rPois   inf          (helmet restricted)
rElec   +            h - +2 ratskin cloak {*Rats rPois rN+ Str-1 Int-1 Dex+1}
rCorr   .            (no gloves)
SInv    .            (no boots)
Will    .....        (no amulet)
Stlth   ++++         (no ring)
HPRegen 1.11/turn    (no ring)
MPRegen 0.14/turn

%: corrode self (3%)
@: about to teleport, heroic, corroded
A: sickness immunity, AC +8, negative energy resistance 1, electricity
resistance, torment resistance 1, petrification resistance, horns 1, thin
skeletal structure 1, dopey 1, MP-powered wands
a: Renounce Religion, Heroism


You were on level 10 of the Dungeon.
You worshipped Okawaru.
Okawaru was pleased with you.
You visited 2 branches of the dungeon, and saw 11 of its levels.
You also visited: Sewer.

You collected 582 gold pieces.
You spent 396 gold pieces at shops.


Innate Abilities, Weirdness & Mutations

You are immune to sickness and miasma.
Your stone body is resilient. (AC +8)
You are immune to poison.
You resist negative energy. (rN+)
You are resistant to electric shocks. (rElec)
You are resistant to unholy torment.
You are immune to petrification.
You have a pair of small horns on your head.
You have a somewhat thin skeletal structure. (Dex +2, Stealth+)
You are dopey. (Int -2)
You expend magic power (3 MP) to strengthen your wands.


   Skills:
 - Level 9.1(14.1) Fighting
 + Level 13.1(18.1) Ranged Weapons
 - Level 4.7(9.7) Armour
 - Level 4.1(9.1) Dodging
 - Level 1.1(6.1) Stealth
 - Level 4.1 Invocations


You had 10 spell levels left.
You didn't know any spells.
Your spell library was empty.

Inventory:

Hand Weapons
 Y - a +2 shortbow of flaming (weapon)
Armour
 b - a +3 ring mail
 h - the +2 ratskin cloak (worn) {*Rats rPois rN+ Str-1 Int-1 Dex+1}
   (You found it on level 9 of the Dungeon)

   *Rats:     When the wearer is hurt, rats may emerge from it to assist them.
   Str-1:     It affects your strength (-1).
   Int-1:     It affects your intelligence (-1).
   Dex+1:     It affects your dexterity (+1).
   rPois:     It protects you from poison rN+: It protects you from negative
   energy.
 j - the +3 ring mail of Parts Unknown (worn) {*Corrode rElec rPois Will- Regen+}
   (You found it on level 3 of the Dungeon)

   rElec:     It insulates you from electricity.
   rPois:     It protects you from poison Will-: It decreases your willpower.
   Regen+:    It increases your rate of health regeneration.
   *Corrode:  It may corrode you when you take damage.
Scrolls
 a - 3 scrolls of teleportation
 f - 8 scrolls of identify
Potions
 c - 2 potions of might
 d - 2 potions of haste
 e - 2 potions of mutation
 g - 5 potions of curing
 k - a potion of heal wounds
 l - 2 potions of resistance
 m - 4 potions of enlightenment

Dungeon Overview and Level Annotations

Branches:
Dungeon (10/15)            Temple (1/1) D:6            Lair (0/5) D:10
  Sewer (visited)
    Orc: D:9-12

Altars:
Ashenzari
Cheibriados
Dithmenos
Elyvilon
Fedhas
Gozag
Hepliaklqana
Kikubaaqudgha
Makhleb
Nemelex Xobeh
Okawaru
Qazlal
Ru
Sif Muna
Uskayaw
Vehumet
Wu Jian
Xom
Yredelemnul

Shops:
D:5 *   D:7 *   D:8 *

Annotations:
D:6 2 transporters
D:9 2 runed translucent doors


Message History

You shoot an arrow. The arrow hits the yak!
The arrow burns the yak.
The yak is severely wounded.
Something barely misses you. The yak barely misses you.
The yak gores the plant.
The yak completely misses you. The yak gores you!
You shoot an arrow. The arrow barely misses the yak.
The arrow hits the yak.
The arrow burns the yak.
The yak is lightly wounded.
Something hits you.
Deactivating autopickup; reactivate with Ctrl-A.
The yak completely misses you. The yak gores you.
The yak gores the plant.
The yak gores you! The yak misses you. The yak closely misses you.
Something barely misses you.
Autopickup is now on.
7783 ||| READING 4 scrolls of teleportation.
As you read the scroll of teleportation, it crumbles to dust.
You feel strangely unstable. Something hits you but does no damage.
Deactivating autopickup; reactivate with Ctrl-A.
The yak gores you. The yak gores you but does no damage.
The yak gores the plant!
The yak barely misses you. The yak gores you. The yak barely misses you. x2
7784 ||| DRINKING 2 potions of heal wounds.
You feel much better.
A nearby plant withers and dies.
Something hits you but does no damage. The yak misses you.
The yak closely misses you. The yak completely misses you.
The yak barely misses you. The yak gores you but does no damage.
The yak barely misses you.
You shoot an arrow. The arrow hits the yak!
The arrow burns the yak.
The yak is almost dead.
Something hits you. The yak closely misses you. The yak barely misses you.
The yak gores you! The yak closely misses you. x2
You shoot an arrow.
The arrow hits the yak but does no damage.
The yak is almost dead.
Something hits you.
You shoot an arrow. The arrow hits the yak!
The arrow burns the yak.
You kill the yak!
Okawaru accepts your kill. Something hits you! The yak gores you!
The yak misses you. The yak gores you!
You die...

...#...P......
...#..P.....PPP.....#
...#P..P...P....PPPP# #.
....P..P....>PPP....###..
......P...P..PP....P.#...
...........PP..PPP.......
......PPP.P.P...Y..P.....
.......P.P....P.PYY......
#.......P.P....Y@YY......
##.......P.....Y%Y.......
##.......P...P..........
##....PP....P..#.......
##.....P..P..P........
##...................
##..................
##.................
##................


You could see 8 yaks.

Vanquished Creatures
  A boulder beetle (D:8)
  Prince Ribbit (D:6)
  A hornet (D:7)
  5 yaks (D:10)
  A wyvern (D:10)
  A steam dragon (D:8)
  Edmund (D:5)
  Duvessa (D:7)
  6 water moccasins
  2 ice beasts (D:6)
  4 orc warriors
  6 black bears
  3 ogres
  2 centaurs (D:8)
  3 kobold brigands
  4 bullfrogs
  7 wights (D:7)
  Dowan (D:7)
  15 killer bees
  6 howler monkeys
  A crimson imp (D:10)
  A hound (D:5)
  8 orc priests
  4 jellies
  Terence (D:3)
  6 orc wizards
  5 iguanas
  10 gnolls
  12 adders
  6 river rats (Sewer)
  A shadow imp (D:6)
  A white imp (D:7)
  3 worms
  3 dart slugs (D:1)
  33 orcs
  3 bats
  9 endoplasms
  A giant cockroach (D:2)
  4 goblins
  3 hobgoblins
  4 quokkas
  4 ball pythons
  5 frilled lizards
  30 kobolds
  28 rats
257 creatures vanquished.

Notes
Turn   | Place    | Note
-------+----------+-------------------------------------------
     0 | D:1      | qw the Gargoyle Hunter began the quest for the Orb.
     0 | D:1      | Reached XP level 1. HP: 12/12 MP: 1/1
     0 | D:1      | 0 ||| qw: Version: 0.3-a-76-g4403597
     0 | D:1      | 0 ||| qw: Game counter: 672
     0 | D:1      | 0 ||| qw: Melee chars always use a shield: true
     0 | D:1      | 0 ||| qw: God list: Okawaru
     0 | D:1      | 0 ||| qw: Allow faded altars: false
     0 | D:1      | 0 ||| qw: Do Orc after clearing Dungeon:15 true
     0 | D:1      | 0 ||| qw: Do second Lair branch before Depths: true
     0 | D:1      | 0 ||| qw: Lair rune preference: random
     0 | D:1      | 0 ||| qw: Goals: Normal
     0 | D:1      | 0 ||| PLANNING D:1-11
   192 | D:1      | HP: 3/12 [gnoll/+0 flail (6)]
   194 | D:1      | Reached XP level 2. HP: 4/17 MP: 2/2
   424 | D:1      | Reached XP level 3. HP: 21/21 MP: 3/3
   623 | D:1      | Reached skill level 5 in Ranged Weapons
   744 | D:1      | Found a radiant altar of Vehumet.
   753 | D:1      | 753 ||| UPGRADING to +0 ring mail.
   763 | D:1      | 763 ||| DROPPING +0 leather armour.
   766 | D:1      | 766 ||| READING scroll labelled UMAXEJ SEIS.
   767 | D:1      | 767 ||| DROPPING scroll of butterflies.
   922 | D:2      | Reached skill level 1 in Armour
   939 | D:2      | Found an ornate altar of the Wu Jian Council.
  1208 | D:2      | Reached XP level 4. HP: 27/27 MP: 4/4
  1251 | D:2      | Reached skill level 3 in Fighting
  1352 | D:2      | 1352 ||| READING scroll labelled UTHRIZ LIERAFUI.
  1355 | D:2      | 1355 ||| READING scroll labelled CAKLYA JOJIAW.
  1356 | D:2      | 1356 ||| DRINKING 2 emerald potions.
  1393 | D:3      | Found an opulent altar of Gozag.
  1402 | D:3      | 1402 ||| Stepping ~*~*~tactically~*~*~ (retreating).
  1404 | D:3      | HP: 7/28 [gnoll/+0 spear (4)]
  1405 | D:3      | 1405 ||| Stepping ~*~*~tactically~*~*~ (retreating).
  1618 | D:3      | Noticed Terence
  1627 | D:3      | Killed Terence
  1628 | D:3      | Reached XP level 5. HP: 18/32 MP: 5/5
  1873 | D:3      | Reached skill level 6 in Ranged Weapons
  1873 | D:3      | 1873 ||| FLEEEEING.
  1874 | D:3      | 1874 ||| FLEEEEING.
  1875 | D:3      | 1875 ||| FLEEEEING.
  1876 | D:3      | 1876 ||| FLEEEEING.
  1877 | D:3      | 1877 ||| FLEEEEING.
  1878 | D:3      | 1878 ||| FLEEEEING.
  1879 | D:3      | 1879 ||| FLEEEEING.
  1880 | D:3      | 1880 ||| FLEEEEING.
  1881 | D:3      | 1881 ||| FLEEEEING.
  1882 | D:3      | 1882 ||| FLEEEEING.
  1883 | D:3      | 1883 ||| FLEEEEING.
  1884 | D:3      | 1884 ||| FLEEEEING.
  1885 | D:3      | 1885 ||| FLEEEEING.
  1886 | D:3      | 1886 ||| FLEEEEING.
  1887 | D:3      | 1887 ||| FLEEEEING.
  1888 | D:3      | 1888 ||| FLEEEEING.
  1889 | D:3      | 1889 ||| FLEEEEING.
  1890 | D:3      | 1890 ||| FLEEEEING.
  1891 | D:3      | 1891 ||| FLEEEEING.
  1892 | D:3      | 1892 ||| FLEEEEING.
  1893 | D:3      | 1893 ||| FLEEEEING.
  1894 | D:3      | 1894 ||| FLEEEEING.
  1895 | D:3      | 1895 ||| FLEEEEING.
  1896 | D:3      | 1896 ||| FLEEEEING.
  1897 | D:3      | 1897 ||| FLEEEEING.
  1898 | D:3      | 1898 ||| FLEEEEING.
  1899 | D:3      | 1899 ||| FLEEEEING.
  1900 | D:3      | 1900 ||| FLEEEEING.
  1901 | D:3      | 1901 ||| FLEEEEING.
  1902 | D:3      | 1902 ||| FLEEEEING.
  1903 | D:3      | 1903 ||| FLEEEEING.
  1904 | D:3      | 1904 ||| FLEEEEING.
  1906 | D:3      | 1906 ||| FLEEEEING.
  1907 | D:3      | 1907 ||| FLEEEEING.
  1908 | D:3      | 1908 ||| FLEEEEING.
  1909 | D:3      | 1909 ||| FLEEEEING.
  1910 | D:3      | 1910 ||| FLEEEEING.
  1911 | D:3      | 1911 ||| FLEEEEING.
  1912 | D:3      | 1912 ||| FLEEEEING.
  1914 | D:3      | 1914 ||| FLEEEEING.
  1915 | D:3      | 1915 ||| FLEEEEING.
  1916 | D:3      | 1916 ||| FLEEEEING.
  1917 | D:3      | 1917 ||| FLEEEEING.
  1918 | D:3      | 1918 ||| FLEEEEING.
  1919 | D:3      | 1919 ||| FLEEEEING.
  1920 | D:3      | 1920 ||| FLEEEEING.
  1921 | D:3      | 1921 ||| FLEEEEING.
  1922 | D:3      | 1922 ||| FLEEEEING.
  1923 | D:3      | 1923 ||| FLEEEEING.
  1932 | D:3      | 1932 ||| STAIRDANCE
  1955 | D:2      | 1955 ||| READING scroll labelled INNACY NUSOIN.
  1956 | D:2      | 1956 ||| READING scroll labelled WENTOPH PAOT.
  1957 | D:2      | 1957 ||| DRINKING 2 cyan potions.
  2120 | D:3      | Identified the +3 ring mail of Parts Unknown {*Corrode
                  | rElec rPois Will- Regen+}
  2519 | D:3      | 2519 ||| UPGRADING to +3 ring mail of Parts Unknown
                  | {*Corrode rElec rPois Will- Regen+}.
  2529 | D:3      | 2529 ||| DROPPING +0 ring mail.
  2530 | D:3      | 2530 ||| READING scroll labelled QYRRAGGOYFU.
  2781 | D:4      | Reached XP level 6. HP: 26/38 MP: 6/6
  2959 | D:4      | Found a hazy altar of Hepliaklqana.
  3026 | D:4      | 3026 ||| Stepping ~*~*~tactically~*~*~ (outnumbered).
  3054 | D:4      | Identified the +4 long sword "Unkal" {flame, rCorr Int+3}
  3284 | D:4      | 3284 ||| READING scroll labelled OFENOV UFAC.
  3285 | D:4      | 3285 ||| DRINKING 2 orange potions.
  3286 | D:4      | 3286 ||| DRINKING 3 pink potions.
  3287 | D:4      | 3287 ||| DROPPING potion of magic.
  3301 | D:5      | Entered Level 5 of the Dungeon
  3302 | D:5      | 3302 ||| PLANNING SEWER
  3302 | D:5      | 3302 ||| STAIRDANCE
  3307 | D:4      | Reached skill level 7 in Ranged Weapons
  3312 | D:5      | Reached XP level 7. HP: 14/43 MP: 7/7
  3312 | D:5      | 3312 ||| STAIRDANCE
  3347 | D:5      | 3347 ||| RETREATING.
  3478 | D:5      | Reached skill level 8 in Ranged Weapons
  3486 | D:5      | 3486 ||| FLEEEEING.
  3487 | D:5      | 3487 ||| FLEEEEING.
  3488 | D:5      | 3488 ||| FLEEEEING.
  3489 | D:5      | 3489 ||| FLEEEEING.
  3490 | D:5      | 3490 ||| FLEEEEING.
  3491 | D:5      | 3491 ||| FLEEEEING.
  3492 | D:5      | 3492 ||| FLEEEEING.
  3493 | D:5      | 3493 ||| FLEEEEING.
  3494 | D:5      | 3494 ||| FLEEEEING.
  3495 | D:5      | 3495 ||| FLEEEEING.
  3496 | D:5      | 3496 ||| FLEEEEING.
  3497 | D:5      | 3497 ||| FLEEEEING.
  3498 | D:5      | 3498 ||| FLEEEEING.
  3528 | D:5      | Found Myopsaem's CLEARANCE SALE!.
  3666 | D:5      | Noticed Edmund
  3675 | D:5      | Killed Edmund
  3676 | D:5      | Reached XP level 8. HP: 48/49 MP: 8/8
  3857 | D:5      | Found a glowing drain.
  3858 | D:5      | 3858 ||| DROPPING +0 ring mail of cold resistance.
  3859 | D:5      | 3859 ||| READING scroll labelled ACIRAZ OLISIO.
  3863 | Sewer    | Entered a sewer
  3959 | Sewer    | Reached skill level 9 in Ranged Weapons
  4018 | Sewer    | 4018 ||| Stepping ~*~*~tactically~*~*~ (water).
  4034 | Sewer    | 4034 ||| Stepping ~*~*~tactically~*~*~ (water).
  4158 | Sewer    | 4158 ||| Stepping ~*~*~tactically~*~*~ (outnumbered).
  4387 | Sewer    | 4387 ||| READING scroll labelled VUMMAS EZXYHIU.
  4388 | Sewer    | 4388 ||| DRINKING 2 glowing purple potions.
  4388 | Sewer    | Gained mutation: You have a somewhat thin skeletal
                  | structure. (Dex +2, Stealth+) [potion of mutation]
  4388 | Sewer    | Gained mutation: You expend magic power (3 MP) to
                  | strengthen your wands. [potion of mutation]
  4388 | Sewer    | Gained mutation: You are dopey. (Int -2) [potion of
                  | mutation]
  4388 | Sewer    | Gained mutation: You have a pair of small horns on your
                  | head. [potion of mutation]
  4389 | Sewer    | 4389 ||| DRINKING 2 bubbling clear potions.
  4424 | D:5      | 4424 ||| PLANNING D:1-11
  4479 | D:6      | Reached skill level 6 in Fighting
  4542 | D:6      | Found a transporter.
  4728 | D:6      | Found an ornate altar of the Wu Jian Council.
  4760 | D:6      | Found a transporter.
  4761 | D:6      | Noticed a kobold demonologist
  4761 | D:6      | Noticed a kobold demonologist
  4776 | D:6      | Found a staircase to the Ecumenical Temple.
  4777 | D:6      | 4777 ||| PLANNING TEMPLE
  4777 | D:6      | 4777 ||| READING scroll labelled HUET KEJATT.
  4778 | D:6      | 4778 ||| DRINKING 2 lumpy coppery potions.
  4785 | D:6      | 4785 ||| FLEEEEING.
  4807 | Temple   | Entered the Ecumenical Temple
  4808 | Temple   | 4808 ||| PLANNING OKAWARU WORSHIP
  4827 | Temple   | Became a worshipper of Warmaster Okawaru
  4828 | Temple   | 4828 ||| PLANNING D:1-11
  4905 | D:6      | Reached skill level 10 in Ranged Weapons
  4905 | D:6      | Reached XP level 9. HP: 55/55 MP: 9/9
  4935 | D:6      | Noticed Prince Ribbit
  4941 | D:6      | Reached skill level 3 in Dodging
  4947 | D:6      | Killed Prince Ribbit
  5221 | D:6      | 5221 ||| READING 2 scrolls of identify.
  5221 | D:6      | 5221 ||| IDENTIFYING bubbling white potion
  5222 | D:6      | 5222 ||| DROPPING potion of degeneration.
  5277 | D:7      | Reached * piety under Okawaru
  5288 | D:7      | 5288 ||| READING scroll of brand weapon.
  5288 | D:7      | 5288 ||| BRANDING +1 shortbow of draining.
  5323 | D:7      | Found a sacrificial altar of Ru.
  5326 | D:7      | 5326 ||| RETREATING.
  5334 | D:7      | Reached skill level 1 in Invocations
  5358 | D:7      | 5358 ||| RETREATING.
  5359 | D:7      | 5359 ||| INVOKING Heroism.
  5361 | D:7      | 5361 ||| Stepping ~*~*~tactically~*~*~ (retreating).
  5369 | D:7      | 5369 ||| Stepping ~*~*~tactically~*~*~ (retreating).
  5394 | D:7      | 5394 ||| INVOKING Heroism.
  5445 | D:7      | Reached skill level 3 in Invocations
  5551 | D:7      | 5551 ||| INVOKING Heroism.
  5573 | D:7      | Noticed a hornet
  5574 | D:7      | 5574 ||| RETREATING.
  5584 | D:7      | 5584 ||| INVOKING Heroism.
  5585 | D:7      | Killed a hornet
  5586 | D:7      | Reached skill level 11 in Ranged Weapons
  5668 | D:7      | 5668 ||| READING scroll of enchant weapon.
  5668 | D:7      | 5668 ||| ENCHANTING +1 shortbow of flaming.
  5699 | D:7      | Found a shadowy altar of Dithmenos.
  5764 | D:7      | Found Nweipul's Needful Niceties.
  6151 | D:7      | Noticed Duvessa
  6154 | D:7      | 6154 ||| INVOKING Heroism.
  6156 | D:7      | Noticed Dowan
  6161 | D:7      | Killed Duvessa
  6163 | D:7      | Killed Dowan
  6227 | D:7      | 6227 ||| DROPPING amulet of magic regeneration.
  6228 | D:7      | 6228 ||| DRINKING 3 amethyst potions.
  6258 | D:7      | 6258 ||| DRINKING 3 lumpy clear potions.
  6259 | D:7      | 6259 ||| READING 5 scrolls of identify.
  6259 | D:7      | 6259 ||| IDENTIFYING fizzy orange potion
  6260 | D:7      | 6260 ||| READING 4 scrolls of identify.
  6260 | D:7      | 6260 ||| IDENTIFYING red potion
  6261 | D:7      | 6261 ||| DROPPING 2 potions of lignification.
  6262 | D:7      | 6262 ||| DROPPING potion of ambrosia.
  6263 | D:7      | 6263 ||| DROPPING potion of brilliance.
  6306 | D:8      | Reached XP level 10. HP: 64/64 MP: 13/13
  6343 | D:8      | Found Zarew's Assorted Antiques.
  6348 | D:8      | 6348 ||| BUYING potion of curing (99 gold).
  6348 | D:8      | Bought a potion of curing for 99 gold pieces
  6348 | D:8      | 6348 ||| BUYING potion of heal wounds (165 gold).
  6348 | D:8      | Bought a potion of heal wounds for 165 gold pieces
  6348 | D:8      | 6348 ||| SHOPLISTING potion of mutation (264 gold, have
                  | 169).
  6348 | D:8      | 6348 ||| SHOPLISTING scroll of brand weapon (313 gold, have
                  | 169).
  6348 | D:8      | 6348 ||| BUYING scroll of identify (66 gold).
  6348 | D:8      | Bought a scroll of identify for 66 gold pieces
  6348 | D:8      | 6348 ||| BUYING scroll of identify (66 gold).
  6348 | D:8      | Bought a scroll of identify for 66 gold pieces
  6353 | D:8      | 6353 ||| INVOKING Heroism.
  6461 | D:8      | 6461 ||| INVOKING Heroism.
  6462 | D:8      | 6462 ||| Stepping ~*~*~tactically~*~*~ (outnumbered).
  6463 | D:8      | 6463 ||| Stepping ~*~*~tactically~*~*~ (outnumbered).
  6491 | D:8      | 6491 ||| DRINKING 5 potions of curing.
  6491 | D:8      | 6491 ||| (to cure confusion)
  6533 | D:8      | Reached skill level 12 in Ranged Weapons
  6580 | D:8      | Noticed a boulder beetle
  6582 | D:8      | 6582 ||| INVOKING Heroism.
  6608 | D:8      | 6608 ||| INVOKING Heroism.
  6624 | D:8      | Killed a boulder beetle
  6677 | D:8      | 6677 ||| INVOKING Heroism.
  6680 | D:8      | 6680 ||| Stepping ~*~*~tactically~*~*~ (cloud).
  6681 | D:8      | 6681 ||| Stepping ~*~*~tactically~*~*~ (cloud).
  6701 | D:8      | Found a shimmering blue altar of Sif Muna.
  6898 | D:8      | 6898 ||| UPGRADING to +0 cloak.
  6903 | D:8      | 6903 ||| READING scroll labelled OCSYTOATSO.
  7008 | D:9      | 7008 ||| Stepping ~*~*~tactically~*~*~ (retreating).
  7010 | D:9      | 7010 ||| Stepping ~*~*~tactically~*~*~ (retreating).
  7011 | D:9      | 7011 ||| Stepping ~*~*~tactically~*~*~ (retreating).
  7012 | D:9      | 7012 ||| Stepping ~*~*~tactically~*~*~ (retreating).
  7013 | D:9      | 7013 ||| Stepping ~*~*~tactically~*~*~ (retreating).
  7014 | D:9      | 7014 ||| Stepping ~*~*~tactically~*~*~ (retreating).
  7015 | D:9      | 7015 ||| Stepping ~*~*~tactically~*~*~ (retreating).
  7124 | D:9      | Found the +2 ratskin cloak {*Rats rPois rN+ Str-1 Int-1
                  | Dex+1}
  7131 | D:9      | Found a large runed translucent door.
  7132 | D:9      | Found a large runed translucent door.
  7185 | D:9      | 7185 ||| Stepping ~*~*~tactically~*~*~ (outnumbered).
  7187 | D:9      | 7187 ||| Stepping ~*~*~tactically~*~*~ (outnumbered).
  7189 | D:9      | 7189 ||| Stepping ~*~*~tactically~*~*~ (outnumbered).
  7191 | D:9      | 7191 ||| Stepping ~*~*~tactically~*~*~ (outnumbered).
  7193 | D:9      | 7193 ||| Stepping ~*~*~tactically~*~*~ (outnumbered).
  7195 | D:9      | 7195 ||| Stepping ~*~*~tactically~*~*~ (outnumbered).
  7198 | D:9      | 7198 ||| INVOKING Heroism.
  7217 | D:9      | 7217 ||| FLEEEEING.
  7218 | D:9      | 7218 ||| FLEEEEING.
  7219 | D:9      | 7219 ||| FLEEEEING.
  7220 | D:9      | 7220 ||| FLEEEEING.
  7221 | D:9      | 7221 ||| FLEEEEING.
  7222 | D:9      | 7222 ||| FLEEEEING.
  7223 | D:9      | 7223 ||| FLEEEEING.
  7224 | D:9      | 7224 ||| FLEEEEING.
  7225 | D:9      | 7225 ||| FLEEEEING.
  7226 | D:9      | 7226 ||| FLEEEEING.
  7227 | D:9      | 7227 ||| FLEEEEING.
  7228 | D:9      | 7228 ||| FLEEEEING.
  7229 | D:9      | 7229 ||| STAIRDANCE
  7236 | D:8      | 7236 ||| UPGRADING to +2 ratskin cloak {*Rats rPois rN+
                  | Str-1 Int-1 Dex+1}.
  7246 | D:8      | 7246 ||| DROPPING +0 cloak.
  7293 | D:9      | 7293 ||| INVOKING Heroism.
  7509 | D:10     | Entered Level 10 of the Dungeon
  7535 | D:10     | 7535 ||| Stepping ~*~*~tactically~*~*~ (outnumbered).
  7548 | D:10     | Reached skill level 13 in Ranged Weapons
  7572 | D:10     | Found a shimmering altar of Xom.
  7574 | D:10     | Found a burning altar of Makhleb.
  7606 | D:10     | 7606 ||| Stepping ~*~*~tactically~*~*~ (retreating).
  7613 | D:10     | Reached ** piety under Okawaru
  7615 | D:10     | 7615 ||| INVOKING Heroism.
  7692 | D:10     | Found a staircase to the Lair.
  7694 | D:10     | 7694 ||| Stepping randomly (disturbance).
  7695 | D:10     | 7695 ||| Stepping randomly (disturbance).
  7696 | D:10     | 7696 ||| Stepping randomly (disturbance).
  7697 | D:10     | 7697 ||| Stepping randomly (disturbance).
  7698 | D:10     | 7698 ||| Stepping randomly (disturbance).
  7706 | D:10     | 7706 ||| Stepping randomly (disturbance).
  7707 | D:10     | 7707 ||| Stepping randomly (disturbance).
  7708 | D:10     | 7708 ||| Stepping randomly (disturbance).
  7709 | D:10     | 7709 ||| Stepping randomly (disturbance).
  7710 | D:10     | 7710 ||| Stepping randomly (disturbance).
  7754 | D:10     | Reached XP level 11. HP: 69/69 MP: 14/14
  7764 | D:10     | Reached skill level 9 in Fighting
  7766 | D:10     | 7766 ||| RETREATING.
  7776 | D:10     | 7776 ||| INVOKING Heroism.
  7782 | D:10     | HP: 17/71 [yak (7)]
  7783 | D:10     | 7783 ||| READING 4 scrolls of teleportation.
  7784 | D:10     | 7784 ||| DRINKING 2 potions of heal wounds.
  7787 | D:10     | HP: 13/71 [something (8)]
  7787 | D:10     | HP: 5/71 [yak (8)]
  7787 | D:10     | Slain by a yak

Levels and vault maps discovered:
D:1:      dpeg_arrival_lava_altar, layout_basic
D:2:      minmay_evil_eye, layout_rooms, basic_altar, serial_corexii_hall,
          corexii_hall_statues_t, chequers_hall_statues_corner_a
D:3:      layout_basic, nicolae_gozag_seed_capital, uniq_terence
D:4:      layout_basic, mainiacjoe_overflow_alcove_2
D:5:      layout_basic, gup_sewer_entry_bowl, kennysheep_minor_cross,
          nicolae_shop_clearance, uniq_edmund
D:6:      gammafunk_wand_slinger, layout_basic,
          pdpol_wu_jian_five_deadly_venoms, minmay_temple_entry_wispy,
          uniq_prince_ribbit1
D:7:      layout_basic, grunt_dithmenos_smoke_and_mirrors,
          nicolae_overflow_crystal_walls, nicolae_alphabet_shops, uniq_duvessa
D:8:      layout_cave_pools, nicolae_sif_muna_condensation, serial_shops, shop
D:9:      layout_roguey, jmf_multi_god_temple2
D:10:     layout_big_octagon, mainiacjoe_overflow_brackets,
          grunt_temple_overflow_champion_of_chaos, due_lair_maze_entry_diamond
Temple:   hellmonk_temple_of_storms

Skill      XL: |  1  2  3  4  5  6  7  8  9 10 11 |
---------------+----------------------------------+-----
Ranged Weapons | 5 6 7 8 10 11 13 | 13.1
Armour         | 1 2 4 |  4.7
Fighting       | 3 4 5 6 7 8 9 |  9.1
Dodging        | 2 3 4 |  4.1
Invocations    | 4 |  4.1
Stealth        | |  1.1

Action                     |  1- 3 |  4- 6 |  7- 9 | 10-12 || total
---------------------------+-------+-------+-------+-------++-------
   Fire: Shortbow          |    90 |   127 |   411 |   327 ||   955
 Invoke: Heroism           |       |       |     5 |     9 ||    14
    Use: Scroll            |     1 |     6 |     8 |     2 ||    17
         Potion            |       |     4 |     5 |     2 ||    11
 Armour: Leather armour    |    12 |       |       |       ||    12
         Ring mail         |     5 |    60 |   112 |   239 ||   416
  Dodge: Dodged            |    14 |    36 |   109 |   213 ||   372

Table legend:
 A = Non-vault XP
 B = Vault XP
 C = Vault XP percentage of total XP
 D = Non-vault monster count
 E = Vault monster count
 F = Vault count percentage of total count
                 A         B        C        D         E       F
            +---------+---------+-------+---------+---------+-------
      Total |    8150 |    2117 |  20.6 |     191 |      66 |  25.7
            +---------+---------+-------+---------+---------+-------
        D:1 |      43 |       0 |   0.0 |      18 |       0 |   0.0
        D:2 |      40 |      14 |  25.9 |      14 |       1 |   6.7
        D:3 |     136 |      36 |  20.9 |      18 |       1 |   5.3
        D:4 |     259 |       0 |   0.0 |      20 |       0 |   0.0
        D:5 |     641 |     164 |  20.4 |      18 |       5 |  21.7
        D:6 |    1045 |     274 |  20.8 |      19 |       1 |   5.0
        D:7 |    1442 |     216 |  13.0 |      23 |       2 |   8.0
        D:8 |    2313 |       0 |   0.0 |      24 |       0 |   0.0
        D:9 |    1085 |       0 |   0.0 |      25 |       0 |   0.0
       D:10 |    1146 |    1151 |  50.1 |      12 |       9 |  42.9
      Sewer |       0 |     262 | 100.0 |       0 |      47 | 100.0
            +---------+---------+-------+---------+---------+-------
